 Dungeon Crawl Stone Soup version 0.27-a0-1291-geefcff550b (webtiles) character file.

Game seed: 1979503559226746291

294 avis the Chucker (level 6, -2/65 HPs)
             Began as an Ogre Hunter on June 16, 2021.
             Killed from afar by Edmund (5 damage)
             ... with a puff of flame
             ... on level 4 of the Dungeon.
             The game lasted 00:17:38 (2849 turns).

avis the Chucker (Ogre Hunter)                      Turns: 2849, Time: 00:17:39

Health: -2/65      AC:  3    Str: 19    XL:     6   Next: 34%
Magic:  6/6        EV: 10    Int: 12    God:
Gold:   83         SH:  0    Dex:  9    Spells: 5/5 levels left

rFire    . . .     SeeInvis .   a - +0 flail
rCold    . . .     Faith    .   (no shield)
rNeg     . . .     Spirit   .   g - +0 robe
rPois    .         Reflect  .   (helmet restricted)
rElec    .         Harm     .   (no cloak)
rCorr    .         Rampage  .   (gloves unavailable)
Will     .....                  (boots unavailable)
Stlth    +.........             (no amulet)
HPRegen  0.20/turn              (no ring)
MPRegen  0.10/turn              (no ring)

@: no status effects
A: large, unfitting armour, tough skin 1
a: no special abilities


You were on level 4 of the Dungeon.
You visited 1 branch of the dungeon, and saw 4 of its levels.

You collected 83 gold pieces.

Inventory:

Hand Weapons
 a - a +0 flail (weapon)
 b - a +3 dagger of draining
 p - a +0 shortbow
 v - a +0 hunting sling
 w - a +2 dagger of electrocution
Missiles
 c - 4 large rocks (quivered)
 d - 2 throwing nets
 f - 12 poisoned darts
 i - 96 stones
 j - 33 arrows
 u - 6 boomerangs
Armour
 g - a +0 robe (worn)
Wands
 l - a wand of digging (5)
 s - a wand of iceblast (3)
Scrolls
 e - a scroll of enchant weapon {unknown}
 k - 4 scrolls of identify {unknown}
 m - a scroll of noise {unknown}
 n - a scroll of summoning {unknown}
 q - a scroll of blinking {unknown}
 x - 2 scrolls of enchant armour {unknown}
Potions
 h - a potion of brilliance {unknown}
 o - a potion of cancellation {unknown}
 r - a potion of attraction {unknown}
 t - a potion of lignification {unknown}


   Skills:
 + Level 4.9 Fighting
 * Level 3.1 Maces & Flails
 + Level 4.9 Throwing
 + Level 2.7 Dodging
 - Level 0.6 Stealth


You had 5 spell levels left.
You didn't know any spells.
Your spell library contained the following spells:

 Spells                   Type           Power      Damage    Failure   Level
 Animate Skeleton         Necr           0%         N/A       32%         1
 Apportation              Tloc           0%         N/A       32%         1
 Corona                   Hex            0%         N/A       32%         1
 Summon Small Mammal      Summ           0%         N/A       32%         1


Dungeon Overview and Level Annotations

Branches:
Dungeon (4/15)
 Temple: D:4-7

Altars:
Ashenzari

Annotations:
D:4 Edmund


Innate Abilities, Weirdness & Mutations

You are too large for most types of armour.
You have tough skin. (AC +1)


Message History

* * * LOW HITPOINT WARNING * * *
The ufetubus misses you. The ufetubus closely misses you.
The ufetubus hits you.
* * * LOW HITPOINT WARNING * * *
You barely miss the ufetubus.
The ufetubus is heavily wounded.
The ufetubus hits you but does no damage.
The ufetubus closely misses you. x2; The ufetubus hits you.
* * * LOW HITPOINT WARNING * * *
Throw: 7 large rocks
Press: ? - help, Q - select action, (/) - cycle Shift-Dir - straight line, f/p - ufetubus
Aim: an ufetubus (heavily wounded, 40% to hit)
You throw a large rock. The large rock misses the ufetubus.
The ufetubus closely misses you.
The ufetubus hits you but does no damage.
Edmund the Younger comes into view.
He is wielding a +3 vorpal flail and carrying a wand of flame (20).
The ufetubus hits you but does no damage.
The ufetubus hits you.
* * * LOW HITPOINT WARNING * * *
Unknown command.
Throw: 6 large rocks
Press: ? - help, Q - select action, (/) - cycle Shift-Dir - straight line, f/p - ufetubus
Aim: an ufetubus (heavily wounded, 40% to hit)
You throw a large rock.
The large rock closely misses the ufetubus.
Edmund shouts!
The ufetubus closely misses you. The ufetubus barely misses you. x2
The ufetubus hits you.
* * * LOW HITPOINT WARNING * * *
The ufetubus hits you.
* * * LOW HITPOINT WARNING * * *
The ufetubus hits you.
* * * LOW HITPOINT WARNING * * *
Throw: 5 large rocks
Press: ? - help, Q - select action, (/) - cycle Shift-Dir - straight line, f/p - ufetubus
Aim: an ufetubus (heavily wounded, 40% to hit)
You throw a large rock. The large rock hits the ufetubus!
You kill the ufetubus!
Edmund zaps a wand.
The puff of flame hits you.
You die...

# .. ... .... .....
#############......
###......##.(@...#
#........'@†###..#
####.#......######
.#
..#.###.......... #
##.#.# ##.########
....####.####
#.....##....#.##
................
###.#...###...#.
#######.###.#######


You could see Edmund.

Vanquished Creatures
  An ogre (D:4)
  Ijyb (D:3)
  Jessica (D:3)
  Terence (D:2)
  An iguana (D:4)
  3 adders (D:3)
  An ufetubus (D:4)
  A dart slug (D:1)
  An orc (D:3)
  6 ball pythons
  4 endoplasms
  3 giant cockroaches
  9 goblins
  7 hobgoblins
  10 jackals
  2 quokkas
  A bat (D:2)
  2 frilled lizards
  5 kobolds
  10 rats
70 creatures vanquished.

Notes
Turn   | Place    | Note
-------+----------+-------------------------------------------
     0 | D:1      | avis the Ogre Hunter began the quest for the Orb.
     0 | D:1      | Reached XP level 1. HP: 22/22 MP: 1/1
   159 | D:1      | Reached XP level 2. HP: 13/31 MP: 2/2
   779 | D:1      | Reached XP level 3. HP: 30/39 MP: 3/3
  1056 | D:2      | Noticed Terence
  1241 | D:2      | Reached skill level 1 in Maces & Flails
  1264 | D:2      | Killed Terence
  1265 | D:2      | Reached XP level 4. HP: 48/48 MP: 4/4
  1288 | D:2      | Found a faded altar of an unknown god.
  1778 | D:2      | Found a broken altar of Ashenzari.
  2151 | D:3      | Noticed Ijyb
  2170 | D:3      | Killed Ijyb
  2171 | D:3      | Reached XP level 5. HP: 30/55 MP: 5/5
  2441 | D:3      | Noticed Jessica
  2443 | D:3      | Killed Jessica
  2753 | D:4      | Noticed an ogre
  2763 | D:4      | Killed an ogre
  2764 | D:4      | Reached XP level 6. HP: 65/65 MP: 6/6
  2846 | D:4      | Noticed Edmund
  2847 | D:4      | HP: 3/65 [ufetubus (3)]
  2849 | D:4      | Killed from afar by Edmund

Illustrated notes

Levels and vault maps discovered:
D:1:      eino_arrival_water_star, layout_rooms, columned_hall_lemuel,
          palyth_stone_intersect, minivault_19
D:2:      layout_rooms, ebering_ecumenical_altar_sacrificial, basic_altar,
          minmay_misc_feat_four_crosses, uniq_terence
D:3:      layout_loops_ring, nrook_mini_backslash, uniq_jessica, uniq_ijyb
D:4:      layout_basic, minmay_misc_feat_square, chequers_hall_statues_corner_a,
          uniq_edmund, uniq_robin, uniq_sigmund

Skill      XL: |  1  2  3  4  5 |
---------------+----------------+-----
Fighting       | 3 4 |  4.9
Maces & Flails | 1 2 3 |  3.1
Dodging        | 2 |  2.7
Throwing       | |  4.9
Stealth        | |  0.6

Action                   |  1- 3 |  4- 6 || total
-------------------------+-------+-------++-------
Melee: Whip              |    16 |       ||    16
       Club              |    30 |       ||    30
       Mace              |    30 |    55 ||    85
       Flail             |       |    58 ||    58
Throw: Large rock        |    13 |    23 ||    36
       Boomerang         |       |    16 ||    16
       Dart              |       |     6 ||     6
 Stab: Sleeping          |       |     2 ||     2
Armor: Robe              |    41 |    57 ||    98
Dodge: Dodged            |    61 |   114 ||   175

Table legend: (Time is in decaauts)
 A = Elapsed time spent in this place.
 B = Non-inter-level travel time spent in this place.
 C = Inter-level travel time spent in this place.
 D = Time resting spent in this place.
 E = Time spent auto-exploring this place.
 F = Levels seen in this place.
 G = Mean time per level.
                   A        B        C        D        E       F      G
               +--------+--------+--------+--------+--------+-----+--------+
         Total |   2934 |   2790 |    144 |    923 |   1044 |   4 |  733.5 |
       Dungeon |   2934 |   2790 |    144 |    923 |   1044 |   4 |  733.5 |
               +--------+--------+--------+--------+--------+-----+--------+

Top non-repeatable levels by time:
     D:1: 1217 daAuts
     D:3: 899 daAuts
     D:2: 712 daAuts
     D:4: 106 daAuts
